[Event "*** Titled Tuesday Blitz"]
[Site "Chess.com"]
[Date "2020.04.21"]
[Round "8"]
[White "Crazy_girl99"]
[Black "kingofkolkata"]
[Result "1-0"]
[WhiteElo "2416"]
[BlackElo "2249"]
[TimeControl "180+1"]
[EndTime "11:38:10 PDT"]
[Termination "Crazy_girl99 won by checkmate"]

1. Nf3 d5 2. g3 c6 3. Bg2 Bf5 4. d4 Nd7 5. O-O Ngf6 6. c4 e6 7. cxd5 exd5 8. Nc3 Be7 9. Ne5 O-O 10. Bf4 Re8 11. Re1 Nh5 12. Be3 Nhf6 13. h3 Bd6 14. f4 Qb6 15. Qd2 Rad8 16. g4 Be4 17. Bf3 c5 18. g5 Bxe5 19. fxe5 Nxe5 20. dxe5 Bxf3 21. exf3 d4 22. gxf6 dxe3 23. Qg2 g6 24. Rxe3 c4 25.
Qf2 Qd4 26. Rae1 h5 27. Re4 Qxf2+ 28. Kxf2 Rd2+ 29. R1e2 Red8 30. Rxc4 Rxe2+ 31. Kxe2 Kh7 32. h4 b5 33. Rc7 Kh6 34. Rxf7 b4 35. Ne4 b3 36. axb3 a5 37. Ng5 Rh8 38. Rg7 a4 39. Nf7# 1-0

[Event "*** Titled Tuesday Blitz"]
[Site "Chess.com"]
[Date "2020.04.21"]
[Round "8"]
[White "gena217"]
[Black "KuzubovYuriy"]
[Result "0-1"]
[WhiteElo "2891"]
[BlackElo "2766"]
[TimeControl "180+1"]
[EndTime "11:38:12 PDT"]
[Termination "KuzubovYuriy won by resignation"]

1. e4 c6 2. d4 d5 3. Nc3 dxe4 4. Nxe4 Nf6 5. Nxf6+ exf6 6. c3 Bd6 7. Bd3 O-O 8.
Qc2 Re8+ 9. Ne2 h5 10. O-O h4 11. h3 Nd7 12. Bd2 Nf8 13. Rae1 Bc7 14. f4 Bb6 15. f5 c5 16. dxc5 Bxc5+ 17. Kh1 Bd7 18. Be4 Qc8 19. Nf4 Nh7 20. Nd5 Bc6 21. c4 a5 22. Qd1 b5 23. Qg4 bxc4 24. Bh6 Bf8 25. Nb6 Rxe4 26. Rxe4 Qb7 27. Nxa8 Bxe4 28. Re1 Bc6 29.
Bd2 Qxb2 30. Bxa5 Bxa8 0-1

[Event "*** Titled Tuesday Blitz"]
[Site "Chess.com"]
[Date "2020.04.21"]
[Round "8"]
[White "Mikhail_Golubev"]
[Black "Omk124"]
[Result "1-0"]
[WhiteElo "2533"]
[BlackElo "2370"]
[TimeControl "180+1"]
[EndTime "11:38:12 PDT"]
[Termination "Mikhail_Golubev won by checkmate"]

1. e4 c5 2. Nf3 d6 3. d4 cxd4 4. Nxd4 Nf6 5. Nc3 a6 6. Bc4 e6 7.
Bb3 Nbd7 8. f4 Nc5 9. e5 dxe5 10.
fxe5 Nxb3 11. axb3 Nd5 12. O-O Bc5 13. Ne4 Nf4 14.
Bxf4 Qxd4+ 15. Qxd4 Bxd4+ 16. Kh1 O-O 17. Rad1 Bb6 18.
Bg5 Bc7 19. Be7 Re8 20. Bd6 Bb6 21. Ng5 f6 22. exf6 gxf6 23. Ne4 Bd8 24. Nxf6+ Bxf6 25. Rxf6 Bd7 26. Rd3 e5 27. Rg3+ Kh8 28. Rf7 Bc6 29.
Rf8+ Rxf8 30. Bxe5+ Rf6 31. Bxf6# 1-0

[Event "*** Titled Tuesday Blitz"]
[Site "Chess.com"]
[Date "2020.04.21"]
[Round "8"]
[White "ChessicallyInclined"]
[Black "Caterpiller35"]
[Result "1-0"]
[WhiteElo "2582"]
[BlackElo "2355"]
[TimeControl "180+1"]
[EndTime "11:38:13 PDT"]
[Termination "ChessicallyInclined won on time"]

1. d4 Nf6 2. c4 e6 3. Nc3 Bb4 4. e3 Ne4 5. Qc2 f5 6. Bd3 O-O 7. Ne2 d5 8. f3 Nxc3 9. bxc3 Bd6 10.
cxd5 exd5 11. c4 dxc4 12. Bxc4+ Kh8 13. O-O b6 14. Bb2 Bb7 15. e4 Nc6 16. e5 Nb4 17. Qb3 Be7 18. Nf4 a5 19. a3 Nc6 20. d5 a4 21. Qd3 Bc5+ 22. Kh1 Na5 23. Ba2 Qh4 24.
g3 Qh6 25. Rfe1 Rad8 26. Rad1 Rfe8 27. Qxf5 Rf8 28. Qe4 Nb3 29. Bxb3 axb3 30. Bc1 Qg5 31. Ne6 Qh5 32. g4 Qh3 33. Ng5 1-0

[Event "*** Titled Tuesday Blitz"]
[Site "Chess.com"]
[Date "2020.04.21"]
[Round "8"]
[White "NTBT_DHS"]
[Black "axvesik"]
[Result "1-0"]
[WhiteElo "2619"]
[BlackElo "2468"]
[TimeControl "180+1"]
[EndTime "11:38:14 PDT"]
[Termination "NTBT_DHS won by resignation"]

1. d4 Nf6 2. Nc3 d5 3. Bg5 Nbd7 4. f3 c5 5. e4 cxd4 6. Bxf6 dxc3 7. Bxc3 dxe4 8.
Qd2 e5 9. O-O-O Be7 10. Bb5 a6 11. Ba4 b5 12. Bb3 O-O 13. fxe4 Qb6 14. Nf3 b4 15. Bxe5 Nxe5 16. Nxe5 a5 17. Nxf7 Be6 18. Ne5 Rad8 19. Qe2 a4 20. Bxe6+ Qxe6 21. Qc4 Qxc4 22. Nxc4 Bg5+ 23.
Kb1 Rf2 24. Rxd8+ Bxd8 25. g3 Re2 26. e5 Bc7 27. Kc1 Re4 28. b3 axb3 29. axb3 Bxe5 30. Kd2 Bc3+ 31. Kd3 Re8 32. Rd1 Kf7 33. Nd6+ Ke7 34. Nxe8 Kxe8 35. Kc4 1-0

[Event "*** Titled Tuesday Blitz"]
[Site "Chess.com"]
[Date "2020.04.21"]
[Round "8"]
[White "Fandorine"]
[Black "Pultis"]
[Result "1-0"]
[WhiteElo "2891"]
[BlackElo "2742"]
[TimeControl "180+1"]
[EndTime "11:38:16 PDT"]
[Termination "Fandorine won by resignation"]

1. e4 c6 2. Nf3 d5 3. d3 Nf6 4. e5 Nfd7 5. d4 e6 6. c4 dxc4 7. Bxc4 Nb6 8. Bd3 Be7 9. O-O Nd5 10.
Qe2 Nd7 11. Rd1 O-O 12. Nc3 Re8 13. Bd2 Nf8 14. Rac1 Ng6 15. Bb1 b6 16. g3 Bb7 17. Ne4 Rc8 18. h4 c5 19. h5 Nf8 20.
dxc5 bxc5 21. h6 g6 22. Bg5 Bxg5 23. Nfxg5 Nd7 24. Nxf7 Kxf7 25. Nd6+ Kg8 26. Nxb7 Qg5 27. Nd6 Nxe5 28. Nxc8 Rf8 29. Ne7+ Nxe7 30. Be4 Nf5 31. Bxf5 Rxf5 32. Rxc5 Nf3+ 33. Qxf3 Rxc5 34. Qa8+ Kf7 35.
Rd7+ Kf6 36. Qf8+ Ke5 37. Qxc5+ 1-0

[Event "*** Titled Tuesday Blitz"]
[Site "Chess.com"]
[Date "2020.04.21"]
[Round "8"]
[White "D0wnpour"]
[Black "AttilaTurzo"]
[Result "0-1"]
[WhiteElo "2591"]
[BlackElo "2475"]
[TimeControl "180+1"]
[EndTime "11:38:16 PDT"]
[Termination "AttilaTurzo won by checkmate"]

1. d4 d5 2. c4 c6 3. Nf3 Nf6 4. Qb3 e6 5. g3 dxc4 6. Qxc4 b5 7. Qc2 Bb7 8. Bg2 Nbd7 9. O-O c5 10. Bg5 Rc8 11. Qb3 Qb6 12. Nc3 a6 13. Bxf6 Nxf6 14.
Na4 Qc7 15. Nxc5 Bxc5 16. Rfc1 Qe7 17. dxc5 Rxc5 18. a4 O-O 19. Rxc5 Qxc5 20. axb5 axb5 21. e3 Bd5 22. Qd1 Rc8 23. Nd4 h6 24. h3 b4 25. Qa4 Ne4 26. Qd7 Nf6 27. Qa7 Bxg2 28.
Kxg2 Qd5+ 29. Kh2 Ne4 30. Kg1 Ng5 31. Qa6 Rf8 32. Ra5 Nxh3+ 33. Kh2 Qe4 34. Kxh3 Qh1+ 35. Kg4 f5+ 36. Kf4 Qe4# 0-1

[Event "*** Titled Tuesday Blitz"]
[Site "Chess.com"]
[Date "2020.04.21"]
[Round "8"]
[White "Yeytruyol"]
[Black "HrvojeZagreb"]
[Result "1-0"]
[WhiteElo "2371"]
[BlackElo "2124"]
[TimeControl "180+1"]
[EndTime "11:38:16 PDT"]
[Termination "Yeytruyol won by resignation"]

1. e4 d6 2. d4 Nd7 3. Nf3 Ngf6 4. Nc3 e5 5. Bc4 Be7 6. O-O c6 7. a4 a5 8. Re1 Qc7 9. Nh4 Nf8 10. Nf5 Bxf5 11.
exf5 exd4 12. Qxd4 d5 13. Bd3 O-O-O 14. Qa7 N8d7 15.
Rxe7 Rhe8 16. Rxe8 Rxe8 17. Be3 Ne5 18. Bb6 Qb8 19.
Qxa5 Neg4 20. g3 h5 21. b4 h4 22. b5 Nxh2 23. Kxh2 hxg3+ 24. fxg3 Ng4+ 25. Kg2 Ne3+ 26. Kf3 d4 27. Ne4 Nxf5 28. bxc6 Rxe4 29. c7 Re3+ 30. Kf2 1-0

[Event "*** Titled Tuesday Blitz"]
[Site "Chess.com"]
[Date "2020.04.21"]
[Round "8"]
[White "Shivagami"]
[Black "LuisFSiles"]
[Result "0-1"]
[WhiteElo "2152"]
[BlackElo "2271"]
[TimeControl "180+1"]
[EndTime "11:38:18 PDT"]
[Termination "LuisFSiles won by resignation"]

1. d4 Nf6 2. Bf4 g6 3. e3 Bg7 4. Nf3 O-O 5. Be2 d6 6. O-O c5 7. c3 Be6 8. Nbd2 Nc6 9. e4 cxd4 10. cxd4 d5 11. e5 Ne4 12. Bd3 Nxd2 13. Qxd2 Qb6 14. Be3 Bg4 15. Be2 f6 16. exf6 Bxf6 17. Ne5 Bxe2 18.
Nd7 Qc7 19. Nxf6+ exf6 20. Qxe2 Rae8 21. Qf3 Re4 22. Rac1 Qd7 23. a3 f5 24. Rfd1 f4 25. Bd2 Nxd4 26. Qd3 Ne2+ 27. Kh1 Nxc1 28. Rxc1 Rfe8 29.
Bc3 d4 30. Qc4+ Qf7 0-1

[Event "*** Titled Tuesday Blitz"]
[Site "Chess.com"]
[Date "2020.04.21"]
[Round "8"]
[White "Trickov"]
[Black "WiktoriaPOL"]
[Result "1-0"]
[WhiteElo "2271"]
[BlackElo "2031"]
[TimeControl "180+1"]
[EndTime "11:38:18 PDT"]
[Termination "Trickov won on time"]

1. d4 Nf6 2. Nf3 g6 3. c4 Bg7 4. g3 O-O 5. Bg2 d6 6. Nc3 Nbd7 7. Qc2 e5 8. O-O Ne8 9. Rd1 f5 10. e4 f4 11. dxe5 dxe5 12. b3 c6 13. Ba3 Rf7 14.
Na4 b5 15. Nc5 Qc7 16. Nxd7 Bxd7 17. cxb5 fxg3 18. hxg3 Bg4 19. Rd3 cxb5 20. Rc1 Qxc2 21. Rxc2 Bxf3 22. Bxf3 Nc7 23. Bg4 h5 24. Bh3 a5 25.
Bd6 Rd8 26. Rcd2 Kh7 27. Bc5 Rxd3 28. Rxd3 b4 29. Bb6 Nb5 30. Bxa5 Ra7 31. Bxb4 Rxa2 32. Rd7 Kh6 33. Bd2+ Kh7 34. Bg5 Kh8 35. Be6 Nd4 36. Rd8+ Bf8 37. Rxf8+ Kg7 38. Rf7+ Kg8 39. Bd5 1-0

[Event "*** Titled Tuesday Blitz"]
[Site "Chess.com"]
[Date "2020.04.21"]
[Round "8"]
[White "Rud_Makarian"]
[Black "crescentmoon2411"]
[Result "1-0"]
[WhiteElo "2662"]
[BlackElo "2761"]
[TimeControl "180+1"]
[EndTime "11:38:19 PDT"]
[Termination "Rud_Makarian won on time"]

1. d4 Nf6 2. c4 e6 3. Nc3 Bb4 4. e3 O-O 5. Bd2 d5 6. Nf3 b6 7. cxd5 exd5 8. Bd3 Bb7 9. O-O Bd6 10. Rc1 a6 11. Ne5 c5 12. f4 Nc6 13. Ng4 Nb4 14.
Bb1 cxd4 15. exd4 Nc6 16. Nxf6+ Qxf6 17. Nxd5 Qh6 18. Ne3 Nxd4 19. Bc3 Bxf4 20. Rxf4 Qxf4 21. Qxd4 Qxd4 22. Bxd4 Rac8 23. Re1 Rfe8 24. Bxb6 Re6 25. Ba5 Rce8 26. Bd2 Be4 27. Bxe4 Rxe4 28. Nc2 Rxe1+ 29. Nxe1 f6 30. Kf2 Kf7 31. Nd3 Rd8 32. Ke3 1-0

[Event "*** Titled Tuesday Blitz"]
[Site "Chess.com"]
[Date "2020.04.21"]
[Round "8"]
[White "Chichin_chao"]
[Black "DaggiGretarsson"]
[Result "0-1"]
[WhiteElo "2361"]
[BlackElo "2586"]
[TimeControl "180+1"]
[EndTime "11:38:19 PDT"]
[Termination "DaggiGretarsson won on time"]

1. e4 g6 2. d4 Bg7 3. Nc3 d6 4. f4 a6 5. a3 b5 6. Be3 Bb7 7. Be2 Nd7 8. Nf3 Ngf6 9. e5 Ng4 10.
Bg1 c5 11. h3 cxd4 12. Nxd4 dxe5 13. hxg4 exd4 14. Bxd4 e5 15. fxe5 Nxe5 16. Qd2 Bxg2 17. Rg1 Bb7 18. Qe3 Qh4+ 19. Kf1 Qf6+ 20. Ke1 O-O 21. Rf1 Qh4+ 22. Qf2 Qg5 23. Bxe5 Bxe5 24. Rd1 Rae8 25. Rg1 Bf4 26. Rg2 Be3 0-1

[Event "*** Titled Tuesday Blitz"]
[Site "Chess.com"]
[Date "2020.04.21"]
[Round "8"]
[White "Alexchess1984"]
[Black "MFBerna"]
[Result "1-0"]
[WhiteElo "2576"]
[BlackElo "2377"]
[TimeControl "180+1"]
[EndTime "11:38:20 PDT"]
[Termination "Alexchess1984 won on time"]

1. e4 e5 2. Nf3 Nc6 3. Bb5 Bc5 4.
O-O Nf6 5. Nc3 O-O 6. d3 d6 7. Bg5 h6 8. Bxf6 Qxf6 9. Nd5 Qd8 10. c3 Bg4 11. h3 Bh5 12. g4 Bg6 13. Ne3 Ne7 14. Bc4 Bxe3 15. fxe3 d5 16. exd5 Nxd5 17. Bxd5 Qxd5 18. e4 Qd6 19. Nh4 Rad8 20. Nxg6 fxg6 21.
Rxf8+ Rxf8 22. Qe2 Kh7 23. Kg2 Rd8 24. Rd1 c5 25. a3 b5 26. Qe3 a6 27. b4 c4 28.
d4 exd4 29. Rxd4 Qe7 30. e5 Re8 31. Rd5 Qb7 32. Qf3 Qc6 33. Rc5 Qd7 34. Qd5 Qe7 35. Kg3 Qg5 36. h4 Qe3+ 37. Qf3 Qxc3 38. Qxc3 1-0

[Event "*** Titled Tuesday Blitz"]
[Site "Chess.com"]
[Date "2020.04.21"]
[Round "8"]
[White "AliKa2810"]
[Black "AlexTriapishko"]
[Result "0-1"]
[WhiteElo "2600"]
[BlackElo "2757"]
[TimeControl "180+1"]
[EndTime "11:38:22 PDT"]
[Termination "AlexTriapishko won by resignation"]

1. d4 Nf6 2. c4 g6 3. Nc3 d5 4. Bg5 Bg7 5. Bxf6 Bxf6 6. cxd5 c6 7. e4 O-O 8. e5 Bg7 9. Bc4 b5 10. Be2 b4 11. Ne4 cxd5 12. Nc5 Qb6 13. Nf3 Bg4 14. Rc1 Nc6 15. Ng1 Bf5 16. Bf3 Rfd8 17.
Ne2 Rac8 18. Nb3 Na5 19. Rxc8 Bxc8 20. O-O Nc4 21. Nd2 Bf5 22. b3 Na3 23. g4 Bd3 24. Re1 Bh6 25. Nf1 Nc2 26. Nfg3 Nxe1 27.
Qxe1 e6 28. h4 Rc8 29. g5 Bf8 30. Qd2 Bxe2 31. Nxe2 Qc6 32. h5 Qc2 33. Qf4 Qf5 34.
Qg3 Be7 35. Bg4 Qxg5 36. Qf3 gxh5 0-1

[Event "*** Titled Tuesday Blitz"]
[Site "Chess.com"]
[Date "2020.04.21"]
[Round "8"]
[White "Rinas_Oleg"]
[Black "Frogo47"]
[Result "1-0"]
[WhiteElo "2254"]
[BlackElo "2442"]
[TimeControl "180+1"]
[EndTime "11:38:22 PDT"]
[Termination "Rinas_Oleg won by resignation"]

1. e4 c5 2. Nf3 d6 3. d4 cxd4 4.
Nxd4 Nf6 5. Nc3 a6 6. Bg5 Nbd7 7. f4 b5 8. Qf3 Bb7 9. O-O-O h6 10. Bxf6 Nxf6 11.
g4 Rc8 12. h4 b4 13. Nd5 Qa5 14. Nxf6+ gxf6 15. Kb1 e6 16. Bg2 Qc7 17. Qb3 Be7 18.
Qxb4 Kf8 19. Qb3 Rb8 20. Qxe6 Qb6 21. Qb3 Qa7 22. Qe3 Rg8 23. Ne6+ fxe6 24. Qxa7 Kf7 25. g5 Rgc8 26. gxh6 Kg6 27. f5+ Kxh6 28. Qe3+ Kh7 29. fxe6 Bc6 30. Bh3 Bf8 31. Bf5+ Kh8 32. Rhg1 Rc7 33.
h5 Rcb7 34. b3 a5 35. h6 a4 36. Qd4 1-0

[Event "*** Titled Tuesday Blitz"]
[Site "Chess.com"]
[Date "2020.04.21"]
[Round "8"]
[White "kasparicy"]
[Black "Pomegranate988"]
[Result "0-1"]
[WhiteElo "2332"]
[BlackElo "2480"]
[TimeControl "180+1"]
[EndTime "11:38:23 PDT"]
[Termination "Pomegranate988 won by resignation"]

1. e4 c6 2. d4 d5 3. f3 g6 4. Nc3 Bg7 5. Be3 Nf6 6. e5 Nfd7 7. Qd2 h5 8. f4 e6 9. Nf3 a6 10.
O-O-O Qc7 11. Kb1 c5 12. dxc5 Nxc5 13. Nd4 Bd7 14. Be2 b5 15. Bf3 b4 16. Nce2 a5 17. h3 h4 18. g4 hxg3 19. Nxg3 Bf8 20. h4 Nc6 21. h5 gxh5 22. Nxh5 O-O-O 23. Nf6 Be7 24.
Nxd7 Qxd7 25. c3 Nxd4 26. Bxd4 b3 27. a3 Qb5 28. Be2 Qb7 29. Qe3 Ne4 30. Bd3 Rxh1 31. Rxh1 Rg8 32. Bxe4 dxe4 33. c4 a4 34. Rc1 Qc6 35.
c5 Bd8 36. Qc3 Bc7 37. Bf2 Rg2 38. Qe3 Qd5 39. c6 Qd3+ 40. Qxd3 exd3 41. Be3 Re2 42. Bc5 d2 0-1

[Event "*** Titled Tuesday Blitz"]
[Site "Chess.com"]
[Date "2020.04.21"]
[Round "8"]
[White "zmeeed67"]
[Black "PawnEatingZombie"]
[Result "1-0"]
[WhiteElo "2386"]
[BlackElo "2150"]
[TimeControl "180+1"]
[EndTime "11:38:24 PDT"]
[Termination "zmeeed67 won by resignation"]

1. d4 d5 2. c4 e6 3. Nc3 Bb4 4. a3 Bxc3+ 5. bxc3 c6 6. cxd5 cxd5 7. Nf3 Nf6 8. Bg5 O-O 9. e3 b6 10. Bd3 Ba6 11. O-O Bxd3 12. Qxd3 Nc6 13. c4 Rc8 14.
cxd5 Qxd5 15. Bxf6 gxf6 16. e4 Qh5 17. Rad1 Rfd8 18.
Rfe1 Ne5 19. Nxe5 fxe5 20. Qg3+ Kf8 21. d5 Rc4 22. f3 h6 23. dxe6 Rxd1 24. Rxd1 Qg5 25.
exf7 Qxg3 26. hxg3 Ra4 27. Rd7 Rxa3 28. f4 exf4 29. gxf4 Re3 30. e5 Re4 31. Rxa7 Rxf4 32. e6 Re4 33. Ra8+ 1-0

[Event "*** Titled Tuesday Blitz"]
[Site "Chess.com"]
[Date "2020.04.21"]
[Round "8"]
[White "EnergeticHay"]
[Black "littleozy"]
[Result "1-0"]
[WhiteElo "2238"]
[BlackElo "2393"]
[TimeControl "180+1"]
[EndTime "11:38:25 PDT"]
[Termination "EnergeticHay won by resignation"]

1. e4 c6 2. Nf3 d5 3. Nc3 Nf6 4.
e5 Ne4 5. d4 Nxc3 6. bxc3 c5 7.
Bd3 e6 8. O-O Nc6 9. a4 Be7 10.
Ba3 h6 11. Rb1 c4 12. Bxe7 Qxe7 13. Be2 O-O 14. g3 Qa3 15. Qd2 b6 16. Nh4 f6 17.
f4 Bd7 18. f5 fxe5 19. f6 exd4 20. fxg7 Rxf1+ 21. Rxf1 Qxc3 22. Rf8+ Rxf8 23. gxf8=Q+ Kxf8 24. Qxh6+ Ke7 25. Ng6+ Kd6 26. Qf4+ Kc5 27. Qf8+ Ne7 28.
Qxe7+ Kc6 29. Ne5+ Kb7 30. Qxd7+ Ka6 31. Qb5+ Kb7 32.
Qc6+ Ka6 33. Qc8+ Ka5 34. Nc6+ Kxa4 35. Qa6+ 1-0

[Event "*** Titled Tuesday Blitz"]
[Site "Chess.com"]
[Date "2020.04.21"]
[Round "8"]
[White "1f3_2g41-0"]
[Black "poliplaza"]
[Result "0-1"]
[WhiteElo "2184"]
[BlackElo "2404"]
[TimeControl "180+1"]
[EndTime "11:38:25 PDT"]
[Termination "poliplaza won by checkmate"]

1. e4 c5 2. Nf3 e6 3. d4 cxd4 4. Nxd4 a6 5. Nc3 Qc7 6. Bd3 Nf6 7. O-O d6 8. f4 g6 9. Be3 Bg7 10. Qf3 O-O 11. Rad1 Nbd7 12. a4 b6 13. e5 dxe5 14.
fxe5 Nxe5 15. Qxa8 Bb7 16. Qa7 Neg4 17. Bf4 e5 18. Bg3 Ra8 19. Qxa8+ Bxa8 20. Nf3 Qc5+ 21.
Kh1 Nh5 22. Bh4 Bf6 23. Bxf6 Nhxf6 24. Rd2 e4 25. Ne1 exd3 26. Nxd3 Qh5 27. h3 Qxh3+ 28.
Kg1 Qh2# 0-1

[Event "*** Titled Tuesday Blitz"]
[Site "Chess.com"]
[Date "2020.04.21"]
[Round "8"]
[White "CroissantNeuf"]
[Black "szefru"]
[Result "0-1"]
[WhiteElo "2364"]
[BlackElo "2162"]
[TimeControl "180+1"]
[EndTime "11:38:25 PDT"]
[Termination "szefru won by resignation"]

1. Nf3 g6 2. e4 Nf6 3. e5 Nd5 4. d4 Bg7 5. Bc4 c6 6. O-O O-O 7. Re1 d6 8. h3 dxe5 9. Nxe5 Nd7 10. Nf3 N7b6 11. Bb3 a5 12. c3 Bf5 13. Nh4 Be6 14. Nd2 a4 15. Bc2 a3 16. Bb3 axb2 17. Bxb2 Nd7 18. Rxe6 fxe6 19. Qg4 N7f6 20. Qxe6+ Kh8 21. Nc4 Nf4 22. Qe3 N6d5 23. Qe4 e5 24. g3 exd4 25.
cxd4 Nxh3+ 26. Kg2 Nxf2 27. Nxg6+ hxg6 28. Qe6 Qf6 29. Qxf6 Rxf6 30. Ne5 Ne4 31. Rh1+ Kg8 32. a4 Rf2+ 0-1

[Event "*** Titled Tuesday Blitz"]
[Site "Chess.com"]
[Date "2020.04.21"]
[Round "8"]
[White "Nafania1"]
[Black "chenxiaoyuer"]
[Result "1-0"]
[WhiteElo "2353"]
[BlackElo "2121"]
[TimeControl "180+1"]
[EndTime "11:38:25 PDT"]
[Termination "Nafania1 won by checkmate"]

1. e4 c5 2. Nf3 d6 3. Bb5+ Bd7 4. Bxd7+ Nxd7 5. O-O f6 6. c3 g6 7. d4 Bg7 8. Qb3 Qb6 9. Qe6 Nf8 10. Qh3 cxd4 11. cxd4 e6 12. Nc3 Ne7 13. d5 e5 14. Rb1 a6 15. Be3 Qc7 16. Rbc1 Qd7 17. Qg3 f5 18.
Bg5 f4 19. Qh4 Nc8 20. Bf6 Kf7 21. Bxg7 Kxg7 22. g3 fxg3 23. fxg3 h6 24. g4 g5 25. Qg3 Ng6 26. Ne2 Nf4 27. Nxf4 gxf4 28. Qh4 Qe7 29. Qxe7+ Nxe7 30. Rc7 Kf7 31. Rxb7 Rhb8 32. Rxb8 Rxb8 33. b3 Rb4 34. Re1 Nc8 35. Nd2 Nb6 36. Kf2 Nd7 37. Nc4 Ke7 38. Rd1 Nc5 39. Kf3 Rb5 40. h4 a5 41. Rc1 a4 42. bxa4 Nxa4 43. g5 hxg5 44. hxg5 Nc5 45. g6 Rb8 46. Nxe5 dxe5 47. Rxc5 Rg8 48. Rc6 Rg7 49. Rc7+ Kf8 50. Rxg7 Kxg7 51. d6 Kxg6 52. d7 Kf7 53. d8=Q Ke6 54. Qd5+ Kf6 55.
Qd6+ Kg5 56. Qxe5+ Kh4 57. Qxf4+ Kh3 58. Qg3# 1-0

[Event "*** Titled Tuesday Blitz"]
[Site "Chess.com"]
[Date "2020.04.21"]
[Round "8"]
[White "Tapuah"]
[Black "RaphaeI"]
[Result "1-0"]
[WhiteElo "2854"]
[BlackElo "2668"]
[TimeControl "180+1"]
[EndTime "11:38:26 PDT"]
[Termination "Tapuah won by resignation"]

1. e4 c5 2. Nf3 Nc6 3. Bb5 g6 4. c3 Nf6 5. Qe2 Bg7 6. O-O O-O 7. d4 d5 8. e5 Ne4 9. Rd1 Qb6 10. dxc5 Nxc5 11.
Be3 a6 12. Rxd5 Qxb5 13. Qxb5 axb5 14. Rxc5 b4 15. cxb4 Nxb4 16. Nc3 Nd3 17. Rb5 Bg4 18.
Rxb7 Rfb8 19. Rxe7 Rxb2 20. Rd1 Nxe5 21. Ra7 Rc8 22. Nd5 Nxf3+ 23. gxf3 Bxf3 24. Ne7+ Kh8 25. Nxc8 Bxd1 26. Rd7 Bf3 27. Rd8+ Bf8 28. Bd4+ 1-0

[Event "*** Titled Tuesday Blitz"]
[Site "Chess.com"]
[Date "2020.04.21"]
[Round "8"]
[White "PavlovDanila"]
[Black "Gennady_Kozlov"]
[Result "1-0"]
[WhiteElo "2748"]
[BlackElo "2574"]
[TimeControl "180+1"]
[EndTime "11:38:29 PDT"]
[Termination "PavlovDanila won by resignation"]

1. e4 e6 2. d4 d5 3. Nc3 Nf6 4. Bg5 Be7 5. e5 Nfd7 6. h4 Nc6 7. Bxe7 Qxe7 8. f4 Nb6 9. Nf3 Bd7 10. Qd2 f6 11. O-O-O O-O-O 12. g4 h5 13. exf6 gxf6 14. g5 Rdf8 15. Qe3 Qd6 16. Nb5 Qb4 17. a3 Qe7 18. Bd3 a6 19. Nc3 Na5 20. Nd2 Qd6 21. Rdf1 f5 22. Rhg1 Rfg8 23. Qe5 Be8 24. Re1 Bd7 25. Qe3 Nc6 26. Nf3 Ne7 27. Ne5 Be8 28. Ne2 Kb8 29. Ng3 Ka7 30. Be2 Na4 31. Qb3 c5 32. dxc5 Nxc5 33. Qe3 d4 34. Qf2 Ng6 35. Nxg6 Bxg6 36. Rd1 Rd8 37. c3 Qc6 38. Bf3 Qb5 39. Ne2 dxc3 40. Nxc3 Qc4 41. Be2 Qb3 42. Qxc5+ Kb8 43.
Qb4 1-0

[Event "*** Titled Tuesday Blitz"]
[Site "Chess.com"]
[Date "2020.04.21"]
[Round "8"]
[White "floplover"]
[Black "chenrip"]
[Result "1-0"]
[WhiteElo "2253"]
[BlackElo "2351"]
[TimeControl "180+1"]
[EndTime "11:38:32 PDT"]
[Termination "floplover won by resignation"]

1. d4 Nf6 2. c4 d6 3. Nf3 g6 4. Nc3 Bg7 5. e4 Nc6 6. Be2 O-O 7. O-O e5 8. d5 Nb8 9. Bg5 h6 10. Bh4 Kh7 11. Ne1 a6 12. Nd3 Qe8 13. b4 b6 14.
c5 Nbd7 15. c6 Nb8 16. a4 Ng8 17. f3 f5 18. a5 Nxc6 19. dxc6 Qxc6 20. Nd5 Rf7 21. Rc1 Qb7 22. Bf2 Nf6 23. axb6 Nxd5 24. exd5 cxb6 25. Qb3 Bd7 26. Rc2 Bb5 27. Rfc1 Raf8 28. Nb2 Bxe2 29. Rxe2 b5 30. Rec2 e4 31. Rc6 exf3 32. gxf3 f4 33. Rxd6 Rf5 34. Nd3 Rg5+ 35. Kh1 Rf7 36. Rcc6 Qe7 37. Re6 Qd7 38. Rcd6 Qc7 39.
Nc5 a5 40. bxa5 Qxa5 41. Re1 Qd2 42. Ne4 Qa5 43. Nxg5+ hxg5 44. Qd3 Rf5 45. Rde6 b4 46. d6 Rd5 47. Qxg6+ Kh8 48. Re8+ 1-0

[Event "*** Titled Tuesday Blitz"]
[Site "Chess.com"]
[Date "2020.04.21"]
[Round "8"]
[White "Andreikka"]
[Black "SamuelGhimpu2003"]
[Result "1-0"]
[WhiteElo "2945"]
[BlackElo "2672"]
[TimeControl "180+1"]
[EndTime "11:38:33 PDT"]
[Termination "Andreikka won by resignation"]

1. e4 e6 2. d4 d5 3. e5 c5 4. c3 Nc6 5. Nf3 Qb6 6. a3 c4 7. Nbd2 Na5 8. Be2 Bd7 9. O-O h6 10.
Qc2 Ne7 11. Rb1 Ng6 12. a4 Nf4 13. Bd1 g5 14. g3 Ng6 15. b4 cxb3 16. Nxb3 Nxb3 17.
Rxb3 Bxa4 18. Rxb6 Bxc2 19. Rxb7 Bxd1 20. Rxd1 Be7 21. Bd2 a5 22. Ra1 a4 23. Ne1 O-O 24. Nd3 Rfc8 25. Ra2 Bf8 26. Nb2 a3 27. Nd3 Rab8 28.
Rxb8 Rxb8 29. Nb4 Bxb4 30. cxb4 Ne7 31. Rxa3 Nc6 32. h4 gxh4 33. gxh4 Kg7 34. h5 Nxd4 35. f4 Nc6 36. Rb3 Rb5 37. Kf2 f6 38. Rg3+ Kf7 39. exf6 Nxb4 40. Rb3 Kxf6 41. Rxb4 Rc5 42. Kf3 Rc6 43. Rb8 1-0

[Event "*** Titled Tuesday Blitz"]
[Site "Chess.com"]
[Date "2020.04.21"]
[Round "8"]
[White "KNVB"]
[Black "Kavyev_Ruslan"]
[Result "1-0"]
[WhiteElo "2765"]
[BlackElo "2592"]
[TimeControl "180+1"]
[EndTime "11:38:33 PDT"]
[Termination "KNVB won by resignation"]

1. d4 Nf6 2. Bf4 c5 3. e3 Qb6 4. Nc3 cxd4 5. exd4 a6 6. a3 d5 7. Be2 Nc6 8. Nf3 Bg4 9. Na4 Qa5+ 10. c3 e6 11. b4 Qd8 12. Nc5 Bxf3 13. Bxf3 b6 14. Qa4 Qc8 15. Nd3 Be7 16. O-O O-O 17. Rfe1 Qd7 18. Qb3 h6 19. g3 Rfc8 20. a4 a5 21. b5 Nd8 22. Ne5 Qe8 23. c4 dxc4 24. Nxc4 Nd7 25.
Bxa8 Rxa8 26. Bc7 Nb7 27. Qf3 Qc8 28. Nxb6 Nxb6 29. Bxb6 Qd7 30. Qc6 Qxc6 31. bxc6 Nd6 32. d5 Rc8 33. Bc5 Nf5 34. Bxe7 Nxe7 35. d6 Nxc6 36.
Rac1 Kf8 37. d7 Rc7 38. Rxc6 Rxd7 39. Rec1 Ke7 40. Rc7 Kd8 41. Rxd7+ Kxd7 42. Rb1 1-0

[Event "*** Titled Tuesday Blitz"]
[Site "Chess.com"]
[Date "2020.04.21"]
[Round "8"]
[White "YPradafah"]
[Black "vlad_Sid"]
[Result "0-1"]
[WhiteElo "2467"]
[BlackElo "2634"]
[TimeControl "180+1"]
[EndTime "11:38:34 PDT"]
[Termination "vlad_Sid won by resignation"]

1. d4 Nf6 2. c4 c5 3. d5 b5 4. Nf3 g6 5. e3 Bg7 6. Be2 O-O 7. O-O bxc4 8. Nc3 e6 9. Bxc4 Bb7 10. e4 exd5 11. exd5 d6 12. Bf4 Ba6 13. Bxa6 Nxa6 14. Qa4 Nc7 15. Qc6 Nfe8 16. Ne4 Rb8 17. Bxd6 Nxd6 18. Qxd6 Qxd6 19. Nxd6 Nxd5 20. Rac1 Rxb2 21. Rxc5 Nc3 22. a3 Rd8 23. Nc4 Rc2 24. g3 Ne2+ 25. Kg2 Nd4 26. Rd1 Bf6 27. Rd3 Nxf3 28. Rxf3 Bd4 29. Rc7 f5 30. Rc6 Kg7 31. Ne5 Rc8 32.
Rc7+ R8xc7 0-1

[Event "*** Titled Tuesday Blitz"]
[Site "Chess.com"]
[Date "2020.04.21"]
[Round "8"]
[White "NZT72"]
[Black "Disturbed01"]
[Result "0-1"]
[WhiteElo "2442"]
[BlackElo "2652"]
[TimeControl "180+1"]
[EndTime "11:38:34 PDT"]
[Termination "Disturbed01 won on time"]

1. c4 Nf6 2. g3 g6 3. Bg2 Bg7 4.
Nc3 O-O 5. d4 d6 6. Nf3 Nc6 7. O-O a6 8. b3 Rb8 9. Nd5 e6 10.
Nxf6+ Bxf6 11. Bh6 Re8 12. Rc1 Bd7 13. d5 Ne5 14. Nxe5 Bxe5 15. dxe6 Bxe6 16. Qd2 Qf6 17.
Bg5 Qg7 18. Bh6 Qh8 19. Rfd1 Bg7 20. Bxg7 Qxg7 21. Qd4 Re7 22. Qxg7+ Kxg7 23. e3 b6 24. Rd2 h5 25. h4 Kf6 26. Bc6 g5 27. hxg5+ Kxg5 28. Rd4 Rh8 29. Kg2 Bg4 30. Rh1 Bf5 31. Rdh4 Bg6 32.
Bf3 Rh7 33. Rd4 Kf6 34. Rd5 Re5 35. Rhd1 h4 36. gxh4 Rxh4 37. Rxe5 Kxe5 38. Rd5+ Ke6 39. Rd1 Kf6 40. Kg3 Rh8 41. Bc6 Bf5 42. Rh1 Rg8+ 43.
Kf4 Rg4+ 44. Kf3 Rg8 45. e4 Be6 46. Ke3 Ke7 47. Rh7 Rg1 48. Bd5 Re1+ 0-1